 Dungeon Crawl Stone Soup version 0.30-a0-728-gc68057be0a (webtiles) character file.

Game seed: 4166079912081262925

41 jimonade the Insei (level 3, -1/23 HPs)
             Began as an Octopode Transmuter on Jan 31, 2023.
             Slain by a shadow imp (6 damage)
             ... summoned by Natasha
             ... on level 3 of the Dungeon.
             The game lasted 00:03:15 (1407 turns).

jimonade the Insei (Octopode Transmuter)            Turns: 1407, Time: 00:03:16

Health: -1/23      AC:  1    Str: 11    XL:     3   Next: 52%
Magic:  6/6        EV: 11    Int: 15    God:
Gold:   87         SH:  6    Dex: 12    Spells: 5/6 levels left

rFire   . . .      SeeInvis .      - Unarmed
rCold   . . .      Faith    .    c - +0 kite shield
rNeg    . . .      Spirit   .    (helmet restricted)
rPois   .          Reflect  .    (no amulet)
rElec   .          Harm     .    (no ring)
rCorr   .          Rampage  .    (no ring)
Will    .....                    (no ring)
Stlth   ++                       (no ring)
HPRegen 0.23/turn                (no ring)
MPRegen 0.10/turn                (no ring)
                                 (no ring)
                                 (no ring)

@: slowed, very slow
A: almost no armour, amphibious, 8 rings, camouflage 1, gelatinous body 1,
(nimble swimmer 1), tentacles
a: no special abilities


You were on level 3 of the Dungeon.
You visited 1 branch of the dungeon, and saw 3 of its levels.

You collected 87 gold pieces.

Inventory:

Missiles
 m - 12 stones
Armour
 c - a +0 kite shield (worn)
Scrolls
 b - a scroll of fear {unknown}
 e - 2 scrolls of teleportation {unknown}
 f - 3 scrolls of identify {unknown}
 i - 2 scrolls of enchant weapon {unknown}
Potions
 a - a potion of lignification
 d - a potion of resistance {unknown}
 g - a potion of magic {unknown}
 h - 2 potions of curing {unknown}
 j - a potion of heal wounds {unknown}
 k - a potion of might {unknown}
 l - 2 potions of flight {unknown}


   Skills:
 + Level 1.1 Fighting
 + Level 2.1 Dodging
 - Level 0.4 Stealth
 + Level 0.2 Shields
 * Level 3.8 Unarmed Combat
 + Level 2.4 Spellcasting
 + Level 2.1 Transmutations


You had 5 spell levels left.
You knew the following spells:

 Your Spells              Type           Power      Damage    Failure   Level
a - Beastly Appendage     Tmut           16%        N/A       30%         1

Your spell library contained the following spells:

 Spells                   Type           Power      Damage    Failure   Level
 Wereblood                Tmut           8%         N/A       43%         2
 Apportation              Tloc           2%         N/A       58%         1
 Necrotise                Necr           4%         1d4       58%         1
 Summon Small Mammal      Summ           4%         N/A       58%         1
 Spider Form              Tmut/Pois      5%         N/A       82%         3
 Gell's Gravitas          Tloc           1%         N/A       92%         3
 Teleport Other           Tloc           1%         N/A       92%         3
 Ice Form                 Ice/Tmut       5%         N/A       99%         4
 Dispersal                Tloc           0%         N/A       100%        6


Dungeon Overview and Level Annotations

Branches:
Dungeon (3/15)

Altars:

Annotations:
D:3 Natasha


Innate Abilities, Weirdness & Mutations

You cannot wear most types of armour.
You are amphibious.
You can wear up to eight rings at the same time.
Your skin changes colour to match your surroundings (Stealth+).
Your rubbery body absorbs attacks. (AC +1, EV +1)
((You are camouflaged when in or above water. (Stealth+)))
You have tentacles for arms and can constrict up to eight enemies at once.


Message History

Your grab misses the orc. The orc closely misses you.
You tentacle-slap the orc. You grab the orc.
The orc is severely wounded.
You constrict the orc. The orc closely misses you.
You tentacle-slap the orc but do no damage.
You squeeze the orc.
You kill the orc!
Natasha stares at you and mumbles some strange words.
The magic dart hits you!
Natasha mumbles some strange words.
You feel disoriented.
Natasha mumbles some strange words.
Things that are here:
a +0 war axe; a +0 club; an orc corpse You tentacle-slap Natasha.
Your grab misses Natasha.
Natasha is lightly wounded.
You block Natasha's attack.
The shadow imp shouts, "Take thy face hence, thou wayward roguish flim-flammer!"
You tentacle-slap Natasha. Your grab misses Natasha.
Natasha is heavily wounded.
Natasha casts a spell at you.
You feel yourself slow down. The shadow imp hits you.
You tentacle-slap Natasha. Your grab misses Natasha.
Your squeeze misses Natasha.
Natasha is heavily wounded.
You block Natasha's attack. The shadow imp hits you.
* * * LOW HITPOINT WARNING * * *
Natasha barely misses you.
You tentacle-slap Natasha. You grab Natasha.
Natasha is heavily wounded.
You constrict Natasha, but do no damage.
You block the shadow imp's attack. Natasha closely misses you.
You block the shadow imp's attack.
You tentacle-slap Natasha but do no damage.
Natasha is heavily wounded.
You constrict Natasha, but do no damage.
Natasha claws you.
* * * LOW HITPOINT WARNING * * *
The shadow imp hits you.
You die...

#########
.......<#####
#######.....#
##).#..# #@##
...
#..h5.....#
......#######
...##.### ##
#. #. $ .


You could see Natasha and a shadow imp (summoned).

Vanquished Creatures
  A worm (D:2)
  3 orcs (D:3)
  7 endoplasms
  A giant cockroach (D:2)
  3 hobgoblins
  2 jackals (D:2)
  3 kobolds
  4 ball pythons
  A frilled lizard (D:2)
  5 goblins
  A rat (D:1)
31 creatures vanquished.

Notes
Turn   | Place    | Note
-------+----------+-------------------------------------------
     0 | D:1      | jimonade the Octopode Transmuter began the quest for the
                  | Orb.
     0 | D:1      | Reached XP level 1. HP: 13/13 MP: 3/3
   146 | D:1      | Reached XP level 2. HP: 18/18 MP: 5/5
   710 | D:2      | Reached XP level 3. HP: 23/23 MP: 4/6
  1398 | D:3      | Noticed Natasha
  1407 | D:3      | Slain by a shadow imp

Illustrated notes

Levels and vault maps discovered:
D:1:      amcnicky_arrival_gap_in_the_tavern_cellar, layout_rooms,
          chequers_hall_statues_y
D:2:      layout_basic
D:3:      cheibrodos_greedy_goblins, layout_rooms, serial_bayou_lagoon_a,
          uniq_natasha, uniq_jessica

Action                     || total
---------------------------++-------
  Melee: Unarmed           ||    61
         Kick              ||     8
         Constrict         ||    15
         Tentacles         ||    10
         Punch             ||     3
   Cast: Beastly Appendage ||    11
    Use: Scroll            ||     4
   Stab: Sleeping          ||     8
 Armour: Skin              ||     2
  Dodge: Dodged            ||    19
  Block: Kite shield       ||    11

Table legend: (Time is in decaauts)
 A = Elapsed time spent in this place.
 B = Non-inter-level travel time spent in this place.
 C = Inter-level travel time spent in this place.
 D = Time resting spent in this place.
 E = Time spent auto-exploring this place.
 F = Levels seen in this place.
 G = Mean time per level.
                   A        B        C        D        E       F      G
               +--------+--------+--------+--------+--------+-----+--------+
         Total |   1408 |   1365 |     43 |     47 |   1078 |   3 |  469.3 |
       Dungeon |   1408 |   1365 |     43 |     47 |   1078 |   3 |  469.3 |
               +--------+--------+--------+--------+--------+-----+--------+

Top non-repeatable levels by time:
     D:2: 823 daAuts
     D:1: 567 daAuts
     D:3: 18 daAuts
